 Dungeon Crawl Stone Soup version 0.18-a0-1120-g03bd624 (webtiles) character file.

12357 wvc the Grappler (level 11, -1/74 HPs)
             Began as a Naga Monk on Jan 17, 2016.
             Was the Champion of Cheibriados.
             Slain by a raiju (8 damage)
             ... on level 2 of the Abyss.
             The game lasted 00:29:54 (10157 turns).

wvc the Grappler (Naga Monk)                       Turns: 10157, Time: 00:29:54

Health: -1/74      AC: 20    Str: 25 (26) XL:     11   Next: 92%
Magic:  12/12      EV:  9    Int: 31 (32) God:    Cheibriados [******]
Gold:   566        SH:  0    Dex: 32      Spells: 0 memorised, 10 levels left

rFire  + . .     SeeInvis +       - Unarmed
rCold  + + .     Gourm    .     y - +2 ring mail {rC+}
rNeg   . . .     Faith    .     (no shield)
rPois  +         Spirit   .     (no helmet)
rElec  .         Dismiss  .     j - +0 cloak
rCorr  .         Reflect  .     (no gloves)
SustAt .         Harm     .     F - +2 naga barding {rC+}
MR     ++...     Rnd*Rage +     (no amulet)
Stlth  +++.......               I - ring of protection from fire
                                D - ring of protection from magic

@: very slow, very resistant to hostile enchantments, fairly stealthy
A: slimy green scales 1, see invisible, agile 2, berserk 1, clever 2, deformed
body, deterioration 2, frail 3, poison resistance, slowness 2, slow metabolism
1, spit poison 3, weak 2, evolution 1, subdued magic 2, AC +3
a: Breathe Poison Gas, Bend Time, Temporal Distortion, Slouch, Step From Time,
Renounce Religion


You were on level 2 of the Abyss.
You worshipped Cheibriados.
Cheibriados was exalted by your worship.
You were not hungry.

You visited 2 branches of the dungeon, and saw 11 of its levels.
You visited the Abyss 1 time.
You also visited: Bailey.

You collected 566 gold pieces.

Inventory:

Hand Weapons
 G - a +3 blowgun
Missiles
 v - 17 tomahawks of returning (quivered)
 H - 6 poisoned needles
Armour
 j - a +0 cloak (worn)
 y - a +2 ring mail of cold resistance (worn)
 F - a +2 naga barding of cold resistance (worn)
Jewellery
 l - an uncursed ring of wizardry
 D - a ring of protection from magic (left hand)
 I - a ring of protection from fire (right hand)
Wands
 c - a wand of polymorph (3/24)
 f - a wand of digging (15/24)
 i - a wand of fireball (9/15)
 p - a wand of invisibility (3/9)
 x - a wand of fireball (3/15)
 J - a wand of enslavement (11/24)
 K - a wand of fire (8/15)
 L - a wand of paralysis (13/24)
 M - a wand of slowing (23/48)
Scrolls
 d - a scroll of remove curse
 q - a scroll of enchant armour
 w - a scroll of magic mapping
 z - a scroll of enchant weapon
 E - 2 scrolls of fog
Potions
 e - a potion of magic
 g - a potion of cancellation
 h - a potion of agility
 k - 6 potions of flight
 m - 6 potions of curing
 n - a potion of brilliance {unknown}
 o - 3 potions of berserk rage {unknown}
 s - 2 potions of cure mutation {unknown}
 u - a potion of haste {unknown}
 C - 2 potions of might {unknown}
Miscellaneous
 A - a phantom mirror
 B - a plain deck of defence
Comestibles
 b - 11 bread rations


   Skills:
 + Level 9.3 Fighting
 + Level 7.3 Armour
 - Level 2.5 Dodging
 - Level 3.0 Stealth
 * Level 13.9 Unarmed Combat
 + Level 1.6 Evocations


You had 10 spell levels left.
You didn't know any spells.

Dungeon Overview and Level Annotations

Branches:
Dungeon (10/15)            Temple (1/1) D:5             Orc (0/2) D:10
   Lair: D:8-11

Altars:
Ashenzari
Cheibriados
Dithmenos
Elyvilon
Fedhas
Gozag
Kikubaaqudgha
Makhleb
Nemelex Xobeh
Okawaru
Pakellas
Qazlal
Ru
Sif Muna
Trog
Vehumet
Xom
Yredelemnul
Zin
The Shining One

Shops:
D:7 %

Annotations:
D:3 Grinder
D:5 exclusion: door
D:10 Sonja


Innate Abilities, Weirdness & Mutations

You cannot wear boots.
Your serpentine skin is tough (AC +3).
You have supernaturally acute eyesight.
Armour fits poorly on your strangely shaped body.
Your system is resistant to poisons.
You cover ground very slowly.
You have a slow metabolism.
You can exhale a cloud of poison.
You are partially covered in slimy green scales (AC +2).
You are very agile. (Dex +4)
You tend to lose your temper in combat.
Your mind is very acute. (Int +4)
You are very weak. (Str -4)
You evolve.
[Your body often deteriorates upon taking damage.]
[You are extremely frail (-30% HP).]
[Your spells are easier to cast, but less powerful.]


Message History

You hit the smoke demon.
You punch the smoke demon, but do no damage.
The smoke demon is almost dead.
The raiju moves out of view.
The smoke demon hits you but does no damage. x2
The smoke demon hits you.
* * * LOW HITPOINT WARNING * * *
You pummel the smoke demon!!
You kill the smoke demon!
Cheibriados appreciates the change of pace.
You closely miss the raiju. Your punch misses the raiju. You hit the raiju.
The raiju is lightly wounded.
The raiju barely misses you.
You pummel the raiju!!
The raiju is severely wounded.
The raiju bites you.
* * * LOW HITPOINT WARNING * * *
The raiju shocks you!
You die...

#.#..# ##..#
##### # #. ## .
..#.#..##.. #. ##
#..## #. ....
.##..#. ## ..# .
. ##.#..#.....##
#
....#..#.#....#.#
#..h@..#####.#
#....#....# .
###.##.###.#.5#
... ... .. . ###
...#. .## .#.## .
.# #


You could see a raiju.

Vanquished Creatures
  A tentacled starspawn (Abyss:2)
  A great orb of eyes (Abyss:2)
  Erica (D:9)
  A wretched star (Abyss:2)
  2 unseen horrors
  Joseph (D:8)
  3 smoke demons (Abyss:2)
  A hellwing (Abyss:2)
  2 ancient zymes (Abyss:2)
  A troll (D:9)
  Prince Ribbit (D:9)
  A spriggan (D:9)
  A ynoxinul (Abyss:2)
  A wraith (Abyss:2)
  Grum (D:9)
  A neqoxec (Abyss:2)
  3 large abominations (Abyss:2)
  2 wolves (D:9)
  Menkaure (D:7)
  Duvessa (D:7)
  A small abomination (Abyss:2)
  A water moccasin (D:10)
  4 orc warriors
  2 sky beasts
  3 ice beasts
  A phantom (D:3)
  5 ogres
  9 orc wizards
  2 centaurs
  A crocodile (D:9)
  A big kobold (D:10)
  3 giant frogs (D:7)
  Dowan (D:7)
  A wyvern skeleton (D:9)
  4 scorpions
  A water moccasin skeleton (D:8)
  5 jellies
  6 crimson imps
  2 giant frog zombies
  A quasit (D:6)
  2 centaur zombies
  2 hounds
  An orc priest (D:8)
  3 giant frog skeletons
  An iguana (D:4)
  7 worker ants
  A hound zombie (D:6)
  A hound skeleton (D:5)
  A worker ant zombie (D:10)
  4 gnolls (D:2)
  7 adders
  4 shadow imps
  2 oozes
  2 adder zombies
  An adder skeleton (D:7)
  3 worms
  6 giant geckos
  15 orcs
  5 bats
  4 giant cockroaches
  7 hobgoblins
  8 jackals
  3 quokkas
  A ball python (D:1)
  A giant gecko skeleton (D:8)
  7 giant newts
  14 goblins
  A jackal zombie (D:7)
  21 kobolds
  7 rats
  2 starspawn tentacles (Abyss:2)
225 creatures vanquished.

Vanquished Creatures (collateral kills)
  A kobold (Bailey)
1 creature vanquished.

Vanquished Creatures (others)
  An orc warrior (D:6)
  An orc (D:6)
  A starspawn tentacle (Abyss:2)
  46 starspawn tentacle segments (Abyss:2)
49 creatures vanquished.

Grand Total: 275 creatures vanquished

Notes
Turn   | Place    | Note
--------------------------------------------------------------
     0 | D:1      | wvc the Naga Monk began the quest for the Orb.
     0 | D:1      | Reached XP level 1. HP: 21/21 MP: 1/1
   349 | D:1      | Reached XP level 2. HP: 28/28 MP: 2/2
   844 | D:1      | Reached XP level 3. HP: 34/34 MP: 3/3
  1252 | D:2      | Noticed Ijyb
  1257 | D:2      | Noticed Ijyb
  1257 | D:2      | Ijyb changed into Ijyb the worker ant
  1262 | D:2      | Killed Ijyb the worker ant
  1321 | D:2      | Reached XP level 4. HP: 34/42 MP: 4/4
  1326 | D:2      | Found a shadowy altar of Dithmenos.
  1343 | D:2      | Reached skill level 5 in Unarmed Combat
  1781 | D:2      | Reached skill level 1 in Armour
  1783 | D:2      | Reached XP level 5. HP: 48/50 MP: 5/5
  2488 | D:3      | Noticed Grinder
  2864 | D:3      | Noticed a phantom
  2957 | D:3      | Killed a phantom
  2957 | D:3      | Reached skill level 1 in Evocations
  2957 | D:3      | Reached XP level 6. HP: 52/57 MP: 6/6
  3448 | D:4      | Reached skill level 6 in Unarmed Combat
  3849 | D:5      | Entered Level 5 of the Dungeon
  3872 | D:5      | Reached XP level 7. HP: 23/66 MP: 7/7
  4169 | D:5      | Found a deep blue altar of Sif Muna.
  4251 | D:5      | Found a staircase to the Ecumenical Temple.
  4267 | Temple   | Entered the Ecumenical Temple
  4492 | Temple   | Became a worshipper of Cheibriados the Contemplative
  4492 | Temple   | Reached * piety under Cheibriados
  4492 | Temple   | Reached ** piety under Cheibriados
  5064 | D:6      | Reached skill level 7 in Unarmed Combat
  5376 | D:6      | Reached skill level 5 in Fighting
  5407 | D:6      | Reached XP level 8. HP: 57/74 MP: 8/8
  5411 | D:6      | Gained mutation: You tend to lose your temper in combat. [mutagenic meat]
  5412 | D:6      | Lost mutation: You tend to lose your temper in combat. [mutagenic meat]
  5413 | D:6      | Gained mutation: You are agile. (Dex +2) [mutagenic meat]
  5414 | D:6      | Gained mutation: Your magical capacity is low (-10% MP). [mutagenic meat]
  5415 | D:6      | Gained mutation: You are weak. (Str -2) [mutagenic meat]
  5416 | D:6      | Gained mutation: You are partially covered in iridescent scales (AC +4). [mutagenic meat]
  5681 | D:6      | Reached *** piety under Cheibriados
  5725 | D:6      | Reached skill level 8 in Unarmed Combat
  5761 | D:6      | casual: Kill the mutant. Purge the unclean.
  5769 | D:6      | wvc: fuck off zin
  5769 | D:6      | wvc: привет:)
  5769 | D:6      | casual: И тебе поздорову.
  5769 | D:6      | wvc: как анарм качать?
  5769 | D:6      | casual: После тмута.
  5769 | D:6      | casual: Я не очень котирую анарм без трансмутаций.
  5769 | D:6      | wvc: но у меня книжки тонет
  5769 | D:6      | wvc: до неё ещё как-то жить нужно
  5868 | D:6      | Found a shattered altar of Ashenzari.
  6095 | D:6      | Gained mutation: Your mind is acute. (Int +2) [potion of mutation]
  6095 | D:6      | Gained mutation: You are very weak. (Str -4) [potion of mutation]
  6095 | D:6      | Gained mutation: [You are frail (-10% HP).] [potion of mutation]
  6096 | D:6      | Gained mutation: You evolve. [potion of mutation]
  6096 | D:6      | Gained mutation: You are very agile. (Dex +4) [potion of mutation]
  6228 | D:6      | Gained mutation: You are partially covered in slimy green scales (AC +2). [evolution]
  6289 | D:6      | Found a shimmering altar of Xom.
  6289 | D:6      | Found a glowing golden altar of the Shining One.
  6514 | D:7      | Found a sparkling altar of Nemelex Xobeh.
  6516 | D:7      | Found a stormy altar of Qazlal.
  6531 | D:7      | Noticed Menkaure
  6539 | D:7      | Killed Menkaure
  6547 | D:7      | Found Oqonucidwa's Food Boutique.
  6572 | D:7      | Noticed Dowan
  6573 | D:7      | Noticed Duvessa
  6583 | D:7      | Killed Duvessa
  6583 | D:7      | Reached skill level 9 in Unarmed Combat
  6587 | D:7      | Killed Dowan
  6587 | D:7      | Reached XP level 9. HP: 48/73 MP: 9/9
  6631 | D:7      | Found a flagged portal.
  6647 | Bailey   | Entered a bailey
  6653 | Bailey   | casual: До неё с Чеи надо усиленно качать ловкость.
  6658 | Bailey   | casual: (Я и нагу^Чеи не очень котирую...)
  6775 | Bailey   | Reached **** piety under Cheibriados
  6832 | Bailey   | Found a burning altar of Makhleb.
  7439 | D:7      | Reached skill level 10 in Unarmed Combat
  7443 | D:7      | Gained mutation: You can exhale a cloud of poison. [mutagenic meat]
  7444 | D:7      | Gained mutation: You tend to lose your temper in combat. [mutagenic meat]
  7734 | D:8      | Noticed an unseen horror
  7762 | D:8      | Killed an unseen horror
  7815 | D:8      | Gained mutation: Your mind is very acute. (Int +4) [evolution]
  7883 | D:8      | Reached skill level 11 in Unarmed Combat
  7898 | D:8      | Noticed Joseph
  7911 | D:8      | Killed Joseph
  7911 | D:8      | Reached XP level 10. HP: 28/84 MP: 10/10
  8186 | D:8      | Found an oddly glowing altar of Pakellas.
  8228 | D:8      | Reached ***** piety under Cheibriados
  8464 | D:9      | Noticed Grum
  8466 | D:9      | Noticed Prince Ribbit
  8488 | D:9      | Killed Grum
  8789 | D:9      | Noticed Erica
  8802 | D:9      | Killed Erica
  8802 | D:9      | Reached skill level 5 in Armour
  8880 | D:9      | Noticed an unseen horror
  8887 | D:9      | Found a sacrificial altar of Ru.
  8909 | D:9      | Killed an unseen horror
  8909 | D:9      | Reached skill level 12 in Unarmed Combat
  8961 | D:9      | Killed Prince Ribbit
  9310 | D:9      | Found a glowing silver altar of Zin.
  9480 | D:10     | Entered Level 10 of the Dungeon
  9517 | D:10     | Reached XP level 11. HP: 76/93 MP: 10/10
  9561 | D:10     | Noticed Sonja
  9592 | D:10     | Found a staircase to the Orcish Mines.
  9606 | D:10     | Identified a scroll of acquirement
  9813 | D:10     | Cast into level 2 of the Abyss (Sonja)
  9871 | Abyss:2  | Noticed an eidolon
  9936 | Abyss:2  | Noticed a great orb of eyes
  9944 | Abyss:2  | Killed a great orb of eyes
  9944 | Abyss:2  | Reached skill level 13 in Unarmed Combat
  9953 | Abyss:2  | Noticed a tentacled starspawn
 10002 | Abyss:2  | Noticed a wretched star
 10006 | Abyss:2  | Killed a tentacled starspawn
 10006 | Abyss:2  | casual: Опа, кто ж тебя так?
 10015 | Abyss:2  | Killed a wretched star
 10015 | Abyss:2  | Reached ****** piety under Cheibriados
 10016 | Abyss:2  | wvc: очевидная Соня
 10021 | Abyss:2  | Noticed a spatial maelstrom
 10037 | Abyss:2  | Lost mutation: You are partially covered in iridescent scales (AC +4). [potion of mutation]
 10037 | Abyss:2  | Lost mutation: Your magical capacity is low (-10% MP). [potion of mutation]
 10157 | Abyss:2  | Slain by a raiju

Vault maps used:
D:1:      saegor_arrival_simple_f, minmay_misc_feat_pillars
D:2:      nicolae_dithmenos_through_a_glass_darkly, uniq_iyjb
D:3:      uniq_grinder
D:4:      corexii_checkpoint_a
D:5:      led_sif_book, temple_fountains, first_bread
D:6:      gammafunk_temple_overflow_wave, basic_altar
D:7:      grunt_temple_overflow_open, enter_bailey_2, serial_shops,
          kennysheep_mini_moat, uniq_menkaure, uniq_duvessa
D:8:      grunt_pakellas_sulfur, uniq_joseph
D:9:      zin_treasury, lemuel_crystal_altar, the_bakery, uniq_grum,
          uniq_prince_ribbit1, uniq_erica
D:10:     orc_0_dummy, serial_bayou_pond_e, dk_yredelemnul_ordeal, uniq_sonja
Temple:   oiseaux_autumnal_temple_12
Abyss:2:  minivault_20
Bailey:   bailey_axe_3, bailey

Action                   |  1- 3 |  4- 6 |  7- 9 | 10-12 || total
-------------------------+-------+-------+-------+-------++-------
Melee: Unarmed           |   101 |   200 |   399 |   257 ||   957
 Fire: Blowgun           |       |       |       |     3 ||     3
Throw: Tomahawk          |       |       |    12 |       ||    12
 Abil: Spit Poison       |     3 |     9 |     6 |       ||    18
       Breathe Poison Ga |       |       |     3 |     7 ||    10
Evoke: Wand              |     2 |    12 |     8 |       ||    22
  Use: Scroll            |     4 |     7 |     5 |     4 ||    20
       Potion            |       |       |     2 |     7 ||     9
 Stab: Sleeping          |     3 |     4 |    10 |     3 ||    20
       Paralysed         |       |     3 |       |       ||     3
       Distracted        |       |       |     2 |     1 ||     3
  Eat: Chunk             |       |     6 |    10 |     1 ||    17
       Beef jerky        |       |     1 |       |     2 ||     3
       Pizza             |       |       |     1 |       ||     1
       Fruit             |       |       |     4 |       ||     4
       Meat ration       |       |       |     1 |     1 ||     2
       Royal jelly       |       |       |       |     1 ||     1
